 Dungeon Crawl Stone Soup version 0.18-a0-1123-gbd92598 (webtiles) character file.

676 ater218 the Basher (level 7, -5/82 HPs)
             Began as an Ogre Berserker on Jan 19, 2016.
             Was a Priest of Trog.
             Slain by Duvessa
             ... wielding a +0 rapier
              (9 damage)
             ... on level 5 of the Dungeon.
             The game lasted 00:18:41 (4176 turns).

ater218 the Basher (Ogre Berserker)                 Turns: 4176, Time: 00:18:41

Health: -5/82      AC: 13    Str: 25    XL:     7   Next: 60%
Magic:  7/7        EV: 11    Int:  6    God:    Trog [***...]
Gold:   253        SH:  0    Dex:  9    Spells: 0 memorised, 6 levels left

rFire  + . .     SeeInvis .     a - +1 flail (protect)
rCold  . . .     Gourm    .     b - +0 animal skin
rNeg   + . .     Faith    .     (no shield)
rPois  .         Spirit   .     (helmet restricted)
rElec  .         Dismiss  .     g - +0 cloak
rCorr  .         Reflect  .     (gloves unavailable)
SustAt .         Harm     .     (boots unavailable)
MR     ++...                    (no amulet)
Stlth  +.........               (no ring)
                                n - ring of positive energy

@: regenerating, drained, very resistant to hostile enchantments, very
unstealthy
A: unfitting armour, iridescent scales 1, fire resistance 1, robust 1, tough
skin 1
a: Berserk, Trog's Hand, Burn Spellbooks, Renounce Religion


You were on level 5 of the Dungeon.
You worshipped Trog.
Trog was most pleased with you.
You were very hungry.

You visited 1 branch of the dungeon, and saw 5 of its levels.

You collected 253 gold pieces.

Inventory:

Hand Weapons
 a - a +1 flail of protection (weapon)
 f - a +0 giant club
Armour
 b - a +0 animal skin (worn)
 g - a +0 cloak (worn)
Jewellery
 n - a ring of positive energy (left hand)
Scrolls
 e - 4 scrolls of identify
 h - 3 scrolls of enchant weapon
 k - a scroll of remove curse
Potions
 i - a potion of flight {unknown}
 l - a potion of curing
Comestibles
 c - 4 bread rations
 d - 3 fruits
 j - a slice of pizza
 m - a royal jelly


   Skills:
 + Level 6.0(5.7) Fighting
 * Level 8.6(8.3) Maces & Flails
 + Level 4.8(4.5) Dodging


You had 6 spell levels left.
You didn't know any spells.

Dungeon Overview and Level Annotations

Branches:
Dungeon (5/15)             Temple (0/1) D:4

Altars:
Ashenzari
Dithmenos
Elyvilon
Yredelemnul
The Shining One

Annotations:
D:5 Duvessa


Innate Abilities, Weirdness & Mutations

You are too large for most types of armour.
You have tough skin (AC +1).
You are partially covered in iridescent scales (AC +4).
Your flesh is heat resistant.
You are robust (+10% HP).


Message History

You sock Duvessa!
Duvessa is moderately wounded.
Duvessa barely misses you.
You hit Duvessa.
Duvessa is moderately wounded.
Duvessa hits you with a rapier!
* * * LOW HITPOINT WARNING * * *
Duvessa hits you but does no damage.
You are too injured to fight recklessly!
You hit Duvessa.
Duvessa is heavily wounded.
Duvessa hits you with a rapier!
* * * LOW HITPOINT WARNING * * *
You feel protected!
a - a +1 flail of protection (weapon)
Duvessa hits you but does no damage.
Your skin crawls.
You feel resistant to hostile enchantments.
You feel slightly more hungry. Duvessa hits you with a rapier!
You die...

#.# #.### #..( #..# #..
##### #.# . #...#
####<###
....#####.#.#####......#
.......@e.......+.....>#
....#####.#..#(##.....>#
# #.##.#.........#
#..............#
..#####........# ..+
#......... e..#
##+####### .... .....


You could see Duvessa (berserk).

Vanquished Creatures
  An ogre (D:4)
  Dowan (D:5)
  3 wights (D:4)
  A hound (D:4)
  2 orc wizards (D:4)
  2 worker ants (D:4)
  10 gnolls
  6 adders
  3 river rats (D:4)
  2 oozes
  3 worms
  A giant gecko (D:1)
  6 orcs
  9 bats
  7 giant cockroaches
  8 goblins
  6 hobgoblins
  3 jackals
  10 kobolds
  A giant gecko skeleton (D:5)
  4 giant newts
  A quokka skeleton (D:4)
  12 rats
  2 plants (D:4)
104 creatures vanquished.

Notes
Turn   | Place    | Note
--------------------------------------------------------------
     0 | D:1      | ater218 the Ogre Berserker began the quest for the Orb.
     0 | D:1      | Reached XP level 1. HP: 24/24 MP: 1/1
    56 | D:1      | Reached XP level 2. HP: 24/32 MP: 2/2
   446 | D:1      | Gained mutation: You are robust (+10% HP). [potion of mutation]
   446 | D:1      | Gained mutation: You are partially covered in iridescent scales (AC +4). [potion of mutation]
   446 | D:1      | Gained mutation: Your flesh is heat resistant. [potion of mutation]
   631 | D:1      | Reached ** piety under Trog
   631 | D:1      | Reached XP level 3. HP: 42/42 MP: 3/3
   928 | D:2      | Reached skill level 5 in Maces & Flails
   982 | D:2      | Reached XP level 4. HP: 51/53 MP: 4/4
  1633 | D:2      | Found a white marble altar of Elyvilon.
  1830 | D:2      | Reached skill level 5 in Fighting
  2048 | D:3      | Reached XP level 5. HP: 60/62 MP: 5/5
  2081 | D:3      | Reached skill level 6 in Maces & Flails
  2162 | D:3      | Reached *** piety under Trog
  2920 | D:4      | Reached XP level 6. HP: 70/72 MP: 6/6
  2994 | D:4      | Reached skill level 7 in Maces & Flails
  3075 | D:4      | Reached XP level 7. HP: 79/79 MP: 7/7
  3308 | D:4      | Reached skill level 8 in Maces & Flails
  3505 | D:4      | Found a glowing golden altar of the Shining One.
  3693 | D:4      | Found a staircase to the Ecumenical Temple.
  3939 | D:4      | Found a basalt altar of Yredelemnul.
  3946 | D:4      | Found a shattered altar of Ashenzari.
  3946 | D:4      | Found a shadowy altar of Dithmenos.
  4136 | D:5      | Entered Level 5 of the Dungeon
  4148 | D:5      | Noticed Dowan
  4157 | D:5      | Killed Dowan
  4161 | D:5      | Noticed Duvessa
  4174 | D:5      | HP: 2/82 [Duvessa/rapier (12)]
  4176 | D:5      | Slain by Duvessa

Vault maps used:
D:1:      dpeg_arrival_tiny_b
D:2:      old_standard_altar
D:3:      first_bread, serial_bayou_pond_c
D:4:      wad_woods_settlement, minitemple, marbit_many_paths, abandoned_shop
D:5:      uniq_duvessa, uniq_crazy_yiuf_cottage

Action                   |  1- 3 |  4- 6 |  7- 9 || total
-------------------------+-------+-------+-------++-------
Melee: Mace              |    85 |       |       ||    85
       Flail             |       |   210 |    71 ||   281
       Giant club        |       |       |    27 ||    27
Invok: Trog's Hand       |     1 |     1 |     3 ||     5
       Berserk           |     1 |     1 |       ||     2
  Use: Scroll            |     2 |     5 |     4 ||    11
       Potion            |     1 |     3 |     3 ||     7
 Stab: Sleeping          |     2 |       |     1 ||     3
  Eat: Chunk             |       |     7 |       ||     7
       Meat ration       |       |     1 |       ||     1
